 Dungeon Crawl Stone Soup version 0.29.1-14-g9c671dbff4 (webtiles) character file.

Game seed: 9336640354272905803

61 EarthwalkerPL the Trooper (level 3, -1/34 HPs)
             Began as a Minotaur Fighter on Feb 12, 2023.
             Killed from afar by Sigmund (4 damage)
             ... with a puff of flame
             ... on level 2 of the Dungeon.
             The game lasted 00:01:25 (1623 turns).

EarthwalkerPL the Trooper (Minotaur Fighter)        Turns: 1623, Time: 00:01:26

Health: -1/34      AC:  7    Str: 22    XL:     3   Next: 83%
Magic:  2/2        EV:  9    Int:  5    God:
Gold:   89         SH:  4    Dex:  9    Spells: 2/2 levels left

rFire   . . .      SeeInvis .   a - +0 war axe
rCold   . . .      Faith    .   c - +0 buckler
rNeg    . . .      Spirit   .   b - +0 scale mail
rPois   .          Reflect  .   (helmet restricted)
rElec   .          Harm     .   (no cloak)
rCorr   .          Rampage  .   (no gloves)
Will    .....                   (no boots)
Stlth   ..........              (no amulet)
HPRegen 0.11/turn               (no ring)
MPRegen 0.08/turn               (no ring)

@: no status effects
A: horns 2, retaliatory headbutt
a: no special abilities


You were on level 2 of the Dungeon.
You visited 1 branch of the dungeon, and saw 2 of its levels.

You collected 89 gold pieces.

Inventory:

Hand Weapons
 a - a +0 war axe (weapon)
Armour
 b - a +0 scale mail (worn)
 c - a +0 buckler (worn)
Wands
 j - a wand of mindburst (21)
Scrolls
 e - a scroll of vulnerability {unknown}
 f - 3 scrolls of enchant armour {unknown}
 g - a scroll of torment {unknown}
 k - a scroll of fear {unknown}
Potions
 d - 2 potions of might
 h - a potion of mutation {unknown}
 i - a potion of attraction {unknown}


   Skills:
 * Level 4.3 Fighting
 * Level 3.4 Axes
 * Level 4.3 Armour
 + Level 4.1 Shields


You had 2 spell levels left.
You didn't know any spells.
Your spell library contained the following spells:

 Spells                   Type           Power      Damage    Failure   Level
 Slow                     Hex            0%         N/A       87%         1
 Confusing Touch          Hex            0%         N/A       99%         3
 Vampiric Draining        Necr           0%         2d6       99%         3


Dungeon Overview and Level Annotations

Branches:
Dungeon (2/15)

Altars:

Shops:
D:2 ?

Annotations:
D:2 Sigmund


Innate Abilities, Weirdness & Mutations

You have a pair of horns on your head.
You reflexively headbutt those who attack you in melee.


Message History

You are too confused!
You are too confused!
Unknown command.
You miss Sigmund. Your headbutt misses Sigmund.
Sigmund is moderately wounded.
Sigmund points at you and mumbles some strange words.
The magic dart hits you!
You bump into the rock wall.
Sigmund says, "Don't worry, I'll kill you fast."
Sigmund hits you with a +0 scythe.
You miss the rat. Your headbutt misses the rat. You miss Sigmund.
The rat closely misses you. The rat bites you but does no damage.
Sigmund hits you with a +0 scythe.
* * * LOW HITPOINT WARNING * * *
You bump into the rock wall.
The rat bites you but does no damage.
You barely miss Sigmund.
Sigmund is moderately wounded.
You hit the rat.
You kill the rat!
Sigmund barely misses you.
You closely miss Sigmund.
Sigmund is moderately wounded.
You feel less confused. Sigmund casts a spell at you.
You resist with significant effort.
You closely miss Sigmund. You headbutt Sigmund.
Sigmund is moderately wounded.
You block Sigmund's attack.
You closely miss Sigmund. You headbutt Sigmund.
Sigmund is moderately wounded.
Sigmund misses you.
You barely miss Sigmund.
Sigmund is moderately wounded.
Sigmund hits you with a +0 scythe.
* * * LOW HITPOINT WARNING * * *
You slash Sigmund!
Sigmund is severely wounded.
Sigmund points at you and mumbles some strange words.
The puff of flame hits you.
You die...

..# .# #..##.# ......#
.r..... ### #^.....
..###### #..#...
#.#.....
##.######..##.#
#.#.####
......@@†..##.###.#.#
##.######..##.......# #
#..##.###.###
...#####.........######
#........#............
...###..#....###.######
#########...#.####.#
...................#
###########....###.#


You could see Sigmund.

Vanquished Creatures
  Terence (D:2)
  2 adders (D:2)
  2 ball pythons (D:1)
  4 endoplasms
  A goblin (D:2)
  3 hobgoblins (D:1)
  3 frilled lizards
  A kobold (D:2)
  3 rats
20 creatures vanquished.

Notes
Turn   | Place    | Note
-------+----------+-------------------------------------------
     0 | D:1      | EarthwalkerPL the Minotaur Fighter began the quest for the
                  | Orb.
     0 | D:1      | Reached XP level 1. HP: 19/19 MP: 0/0
   465 | D:1      | Reached XP level 2. HP: 27/27 MP: 1/1
  1174 | D:2      | Found Daom's Magic Scroll Shop.
  1255 | D:2      | Noticed Terence
  1262 | D:2      | Killed Terence
  1263 | D:2      | Reached XP level 3. HP: 20/33 MP: 2/2
  1422 | D:2      | Found a faded altar of an unknown god.
  1605 | D:2      | Noticed Sigmund
  1623 | D:2      | Killed from afar by Sigmund

Illustrated notes

Levels and vault maps discovered:
D:1:      dpeg_arrival_simpleton_c, layout_basic
D:2:      layout_loops_ring, hellmonk_ecumenical_altar_heavens_door,
          serial_shops, nicolae_diamond_shop, uniq_terence, uniq_sigmund

Skill      XL: |  1  2 |
---------------+-------+-----
Fighting       | 4 |  4.3
Axes           | 3 |  3.4
Armour         | 4 |  4.3
Shields        | 4 |  4.1

Action                   || total
-------------------------++-------
Melee: War axe           ||    64
       Headbutt          ||     9
Armor: Scale mail        ||    31
Dodge: Dodged            ||    34
Block: Buckler           ||     9
